 Dungeon Crawl Stone Soup version 0.31-a0-150-g89dc3ad700 (webtiles) character file.

Game seed: 9330922504542860565

652 Ijustatesigmund the Stinger (level 7, -5/45 HPs)
             Began as an Octopode Venom Mage on June 8, 2023.
             Shot with an arrow by a centaur (10 damage)
             ... on level 5 of the Dungeon.
             The game lasted 00:07:16 (6018 turns).

Ijustatesigmund the Stinger (Octopode Venom Mage)   Turns: 6018, Time: 00:07:17

Health: -5/45      AC:  1    Str:  7    XL:     7   Next: 54%
Magic:  7/11       EV: 13    Int: 19    God:
Gold:   265        SH:  0    Dex: 13    Spells: 2/12 levels left

rFire   . . .        b - +1 hand axe
rCold   . . .        (no shield)
rNeg    . . .        (helmet restricted)
rPois   .            (no amulet)
rElec   .            (no ring)
rCorr   .            (no ring)
SInv    .            (no ring)
Will    .....        (no ring)
Stlth   +++          (no ring)
HPRegen 0.27/turn    (no ring)
MPRegen 0.12/turn    (no ring)
                     (no ring)

%: no passive effects
@: no status effects
A: almost no armour, amphibious, 8 rings, camouflage 1, gelatinous body 1,
(nimble swimmer 1), tentacles
a: no special abilities


You were on level 5 of the Dungeon.
You visited 2 branches of the dungeon, and saw 6 of its levels.

You collected 265 gold pieces.

Inventory:

Hand Weapons
 b - a +1 hand axe (weapon)
Magical Staves
 c - a staff of earth
Wands
 q - a wand of quicksilver (5)
Scrolls
 d - a scroll of poison {unknown}
 f - 2 scrolls of teleportation
 j - a scroll of vulnerability {unknown}
 l - a scroll of amnesia {unknown}
 m - a scroll of summoning {unknown}
 n - a scroll of blinking {unknown}
 o - a scroll of enchant weapon
 p - a scroll of enchant armour {unknown}
 r - a scroll of fear {unknown}
Potions
 a - a potion of magic
 e - 3 potions of curing {unknown}
 g - 2 potions of mutation
 h - a potion of invisibility {unknown}
 i - a potion of attraction {unknown}
 k - 2 potions of enlightenment {unknown}


   Skills:
 - Level 2.1 Fighting
 - Level 2.0 Dodging
 - Level 2.6 Stealth
 - Level 3.0 Spellcasting
 - Level 0.3 Conjurations
 - Level 2.5 Transmutations
 - Level 2.1 Air Magic
 + Level 7.9 Poison Magic
 + Level 1.4 Evocations


You had 2 spell levels left.
You knew the following spells:

 Your Spells              Type           Power      Damage    Failure   Level
a - Sting                 Tmut/Pois      88%        1d7       1%          1
b - Poisonous Vapours     Pois/Air       44%        N/A       3%          2
c - Mephitic Cloud        Conj/Pois/Air  16%        N/A       11%         3
d - Olgreb's Toxic Radia  Pois           33%        N/A       6%          4

Your spell library contained the following spells:

 Spells                   Type           Power      Damage    Failure   Level
 Conjure Ball Lightning   Conj/Air       3%         3x3d6     100%        6
 Discord                  Hex            1%         N/A       100%        8
 Disjunction              Tloc           1%         N/A       100%        8


Dungeon Overview and Level Annotations

Branches:
Dungeon (5/15)             Temple (1/1) D:4

Altars:
Dithmenos
Elyvilon
Fedhas
Gozag
Okawaru
Qazlal
Ru
Trog
Uskayaw
Yredelemnul

Shops:
D:2 :


Innate Abilities, Weirdness & Mutations

You cannot wear most types of armour.
You are amphibious.
You can wear up to eight rings at the same time.
Your skin changes colour to match your surroundings (Stealth+).
Your rubbery body absorbs attacks. (AC +1, EV +1)
((You are camouflaged when in or above water. (Stealth+)))
You have tentacles for arms and can constrict up to eight enemies at once.


Message History

Aim: a gnoll, wielding a +2 antimagic trident (moderately wounded, very poisoned) Poisonous vapours surround the gnoll!
The gnoll looks as sick as possible!
The gnoll hits you from afar with a +2 antimagic trident!
You feel your power leaking away.
You kill the gnoll!
Things that are here:
a +2 antimagic trident; a gnoll corpse You start resting.
HP restored.
You start resting.
Magic restored.
r - a scroll labelled ERGHYU DEOXU You see here a +0 dagger.
There is a bloodstained altar of Trog here.
Things that are here:
a +0 antimagic short sword; a goblin corpse
Things that are here:
a +2 antimagic trident; a gnoll corpse
There is an open door here.
There is an open door here.
There is an open door here.
There is an open door here.
A centaur comes into view.
The centaur shouts!
The centaur wields a +0 shortbow.
The centaur shoots an arrow.
The arrow hits you!
The centaur shoots an arrow.
The arrow hits you!
The centaur shoots an arrow.
The arrow hits you!
The centaur shoots an arrow.
The arrow misses you.
Casting: Poisonous Vapours (safe; 3% risk of failure)
Confirm with . or Enter, or press ? or * to list all spells.
You begin to radiate toxic energy.
The centaur is poisoned.
The centaur looks even sicker.
The centaur shoots an arrow.
The arrow hits you!
* * * LOW HITPOINT WARNING * * *
The centaur looks even sicker.
Your toxic aura wanes.
The centaur shoots an arrow.
The arrow hits you.
* * * LOW HITPOINT WARNING * * *
The centaur shoots an arrow.
The arrow hits you!
You die...

#####.#.#.
#........
#.......#
#.......#
#.......#
#.......######
#..........c..
#.....@.#
#.......# ###
####.##.#
##8### #.##.#
._._.# #.##.#
#...####
#.##.#
#...##.####
#.##.######.
##'##..'..#
#.#<........
.......##.##
#.##.#######


You could see a centaur (very poisoned).

Vanquished Creatures
  Sigmund (D:2)
  A water moccasin (D:5)
  A black bear (D:3)
  A phantom (D:5)
  A howler monkey (D:4)
  A hound (D:4)
  A gnoll (D:5)
  6 adders
  3 worms
  5 dart slugs
  An orc (D:5)
  5 endoplasms
  2 giant cockroaches (D:1)
  7 goblins
  6 hobgoblins
  7 jackals
  5 kobolds
  9 ball pythons
  2 bats (D:2)
  2 frilled lizards (D:1)
  3 rats (D:1)
70 creatures vanquished.

Notes
Turn   | Place    | Note
-------+----------+-------------------------------------------
     0 | D:1      | Ijustatesigmund the Octopode Venom Mage began the quest for
                  | the Orb.
     0 | D:1      | Reached XP level 1. HP: 11/11 MP: 3/3
   405 | D:1      | Reached XP level 2. HP: 18/18 MP: 3/5
   408 | D:1      | Learned a level 2 spell: Poisonous Vapours
  1084 | D:1      | Reached skill level 1 in Fighting
  1327 | D:1      | Reached XP level 3. HP: 18/23 MP: 6/6
  1332 | D:1      | Reached skill level 4 in Poison Magic
  1862 | D:2      | Noticed Sigmund
  1871 | D:2      | Killed Sigmund
  1872 | D:2      | Reached skill level 1 in Air Magic
  1872 | D:2      | Reached XP level 4. HP: 8/29 MP: 1/8
  1872 | D:2      | Reached XP level 5. HP: 10/34 MP: 1/9
  1972 | D:2      | Learned a level 3 spell: Mephitic Cloud
  2719 | D:2      | Found Viloawova's Vocational Training.
  2730 | D:1      | Reached XP level 6. HP: 35/39 MP: 10/10
  2865 | D:2      | Learned a level 4 spell: Olgreb's Toxic Radiance
  3325 | D:3      | Reached skill level 5 in Poison Magic
  3418 | D:3      | Found a faded altar of an unknown god.
  3473 | D:3      | Found a shadowy altar of Dithmenos.
  3813 | D:3      | Noticed a black bear
  3828 | D:3      | Killed a black bear
  3829 | D:3      | Reached skill level 6 in Poison Magic
  4672 | D:4      | Found a staircase to the Ecumenical Temple.
  4686 | D:4      | Reached XP level 7. HP: 29/45 MP: 6/11
  4694 | Temple   | Entered the Ecumenical Temple
  5190 | D:5      | Entered Level 5 of the Dungeon
  5248 | D:5      | Found a sacrificial altar of Ru.
  5249 | D:5      | Found a blossoming altar of Fedhas.
  5288 | D:5      | Reached skill level 7 in Poison Magic
  5467 | D:5      | Reached skill level 1 in Evocations
  5826 | D:5      | Found a bloodstained altar of Trog.
  6018 | D:5      | Shot with an arrow by a centaur

Illustrated notes

Levels and vault maps discovered:
D:1:      dpeg_arrival_simpleton_b, layout_basic, minmay_split_cup_large
D:2:      layout_basic, nicolae_shop_vocational, uniq_sigmund
D:3:      layout_basic, nicolae_dithmenos_shadow_blocks,
          shapermc_ecumenical_altar_pompeii
D:4:      layout_loops_ring, minmay_temple_entry_stoned_glass,
          minmay_misc_feat_four_crosses
D:5:      layout_basic, trog_antimagical, gammafunk_temple_overflow_statue
Temple:   hellmonk_temple_two_chambers

Skill      XL: |  1  2  3  4  5  6  7 |
---------------+----------------------+-----
Fighting       | 1 2 |  2.1
Poison Magic   | 4 6 7 |  7.9
Transmutations | 2 |  2.5
Air Magic      | 1 2 |  2.1
Spellcasting   | 3 |  3.0
Evocations     | 1 |  1.4
Dodging        | |  2.0
Stealth        | |  2.6
Conjurations   | |  0.3

Action                     |  1- 3 |  4- 6 |  7- 9 || total
---------------------------+-------+-------+-------++-------
  Melee: Unarmed           |     7 |       |       ||     7
         Dagger            |    30 |       |       ||    30
         Tentacles         |    10 |    18 |     5 ||    33
         Constrict         |     7 |    22 |     1 ||    30
         Punch             |     1 |       |       ||     1
         Hand axe          |       |    81 |    24 ||   105
   Cast: Sting             |    18 |     2 |       ||    20
         Poisonous Vapours |    13 |    34 |     7 ||    54
         Olgreb's Toxic Ra |       |       |     2 ||     2
    Use: Scroll            |       |     6 |       ||     6
   Stab: Sleeping          |     2 |     1 |     1 ||     4
 Armour: Skin              |     6 |     4 |     2 ||    12
  Dodge: Dodged            |    40 |    64 |    16 ||   120

Table legend: (Time is in decaauts)
 A = Elapsed time spent in this place.
 B = Non-inter-level travel time spent in this place.
 C = Inter-level travel time spent in this place.
 D = Time resting spent in this place.
 E = Time spent auto-exploring this place.
 F = Levels seen in this place.
 G = Mean time per level.
                   A        B        C        D        E       F      G
               +--------+--------+--------+--------+--------+-----+--------+
         Total |   6047 |   5884 |    163 |   1987 |   3285 |   6 | 1007.8 |
       Dungeon |   5954 |   5792 |    162 |   1987 |   3226 |   5 | 1190.8 |
        Temple |     93 |     93 |      0 |      0 |     59 |   1 |   93.0 |
               +--------+--------+--------+--------+--------+-----+--------+

Top non-repeatable levels by time:
     D:1: 1958 daAuts
     D:2: 1175 daAuts
     D:3: 999 daAuts
     D:4: 985 daAuts
     D:5: 834 daAuts
  Temple: 93 daAuts
